 Dungeon Crawl Stone Soup version 0.28-a0-1117-g0bdd5ba030 (webtiles) character file.

Game seed: 17102731448893191369

54 ducksouse the Skirmisher (level 3, -11/33 HPs)
             Began as a Hill Orc Fighter on Dec 12, 2021.
             Was an Initiate of Wu Jian.
             Mangled by an ogre (22 damage)
             ... on level 3 of the Dungeon.
             The game lasted 00:03:58 (2227 turns).

ducksouse the Skirmisher (Hill Orc Fighter)         Turns: 2227, Time: 00:03:59

Health: -11/33     AC: 11    Str: 20    XL:     3   Next: 91%
Magic:  3/3        EV:  6    Int:  8    God:    Wu Jian [......]
Gold:   85         SH:  4    Dex: 10    Spells: 2/2 levels left

rFire   . . .      SeeInvis .   a - +0 war axe
rCold   . . .      Faith    .   c - +0 buckler
rNeg    . . .      Spirit   .   h - +0 plate armour
rPois   .          Reflect  .   (no helmet)
rElec   .          Harm     .   (no cloak)
rCorr   .          Rampage  .   (no gloves)
Will    .....                   (no boots)
Stlth   ..........              (no amulet)
HPRegen 0.11/turn               (no ring)
MPRegen 0.08/turn               (no ring)

@: mighty
A: no striking features
a: Renounce Religion


You were on level 3 of the Dungeon.
You worshipped Wu Jian.
Wu Jian was noncommittal.
You visited 1 branch of the dungeon, and saw 3 of its levels.

You collected 85 gold pieces.

Inventory:

Hand Weapons
 a - a +0 war axe (weapon)
Missiles
 m - 3 boomerangs (quivered)
Armour
 b - a +0 scale mail
 c - a +0 buckler (worn)
 h - a +0 plate armour (worn)
Jewellery
 j - a ring of resist corrosion
Scrolls
 f - a scroll of blinking {unknown}
 i - a scroll of summoning {unknown}
 k - a scroll of fog {unknown}
 l - a scroll of enchant weapon {unknown}
 n - a scroll of identify {unknown}
 o - 2 scrolls of teleportation {unknown}
Potions
 e - 2 potions of degeneration {unknown}
 g - 2 potions of resistance {unknown}
 p - a potion of curing {unknown}


   Skills:
 + Level 4.2 Fighting
 + Level 3.5 Axes
 + Level 3.8 Armour
 + Level 3.8 Shields


You had 2 spell levels left.
You didn't know any spells.
Your spell library contained the following spells:

 Spells                   Type           Power      Damage    Failure   Level
 Conjure Ball Lightning   Conj/Air       0%         3x3d6     100%        6
 Discord                  Hex            0%         N/A       100%        8
 Disjunction              Tloc           0%         N/A       100%        8


Dungeon Overview and Level Annotations

Branches:
Dungeon (3/15)

Altars:
Wu Jian


Message History

No target in view!
A frilled lizard comes into view.
The frilled lizard hisses angrily.
You see here a coppery potion.
A frilled lizard is nearby!
A frilled lizard is nearby!
You lunge at the frilled lizard, but your attack speed is too slow for a blow to land.
The frilled lizard bites you.
You hit the frilled lizard.
You kill the frilled lizard!
The Council accepts your kill.
No target in view!
No target in view!
p - a coppery potion
Found an escape hatch in the ceiling.
A goblin comes into view. It is wielding a +0 club.
The goblin shouts!
The goblin hits you with a +0 club.
You completely miss the goblin. You block the goblin's attack.
You closely miss the goblin. The goblin hits you but does no damage.
You block the goblin's attack.
You hit the goblin.
You kill the goblin!
The Council accepts your kill.
No target in view!
No target in view!
Things that are here:
a +0 club; a goblin corpse An ogre is nearby!
An ogre is nearby!
You hit the ogre.
The ogre is moderately wounded.
The ogre hits you with a +0 giant club!
You hit the ogre.
The ogre is heavily wounded.
The ogre hits you with a +0 giant club!
You feel very mighty all of a sudden.
The ogre hits you with a +0 giant club!!
Ouch! That really hurt!
You die...

....
##...######
#.........#
#.........###
##...........
###.........#
.......O....#
#@....#
##...## #...#
#...# #...#
#...# ...#
#.### ....#
##.####....
##..........


You could see an ogre.

Vanquished Creatures
  A dart slug (D:3)
  6 endoplasms
  2 giant cockroaches
  7 goblins
  6 hobgoblins
  4 jackals
  A quokka (D:2)
  5 ball pythons
  3 bats (D:1)
  5 frilled lizards
  3 kobolds
  2 rats
45 creatures vanquished.

Notes
Turn   | Place    | Note
-------+----------+-------------------------------------------
     0 | D:1      | ducksouse the Hill Orc Fighter began the quest for the Orb.
     0 | D:1      | Reached XP level 1. HP: 19/19 MP: 1/1
    59 | D:1      | Found a faded altar of an unknown god.
   464 | D:1      | Reached XP level 2. HP: 27/27 MP: 2/2
  1013 | D:1      | Reached skill level 4 in Fighting
  1014 | D:1      | Reached XP level 3. HP: 33/33 MP: 3/3
  1729 | D:2      | Found an ornate altar of the Wu Jian Council.
  1748 | D:2      | Became a worshipper of the Wu Jian Council
  2046 | D:3      | Noticed an ogre
  2227 | D:3      | Mangled by an ogre

Illustrated notes

Levels and vault maps discovered:
D:1:      ncdulo_smallfort, layout_loops_corners,
          shapermc_ecumenical_altar_totnotflames, st_stairs_3
D:2:      layout_rooms, basic_altar
D:3:      layout_basic, grunt_dithmenos_smoke, hex_medium,
          hangedman_decor_growths, chequers_serial_rivers_large_a,
          chequers_serial_rivers_micro_d

Skill      XL: |  1  2 |
---------------+-------+-----
Axes           | 3 |  3.5
Fighting       | 4 |  4.2
Armour         | |  3.8
Shields        | |  3.8

Action                   || total
-------------------------++-------
Melee: War axe           ||   117
Invok: Lunge             ||     2
  Use: Potion            ||     1
Armor: Scale mail        ||    26
       Plate armour      ||    40
Dodge: Dodged            ||    30
Block: Buckler           ||    30

Table legend: (Time is in decaauts)
 A = Elapsed time spent in this place.
 B = Non-inter-level travel time spent in this place.
 C = Inter-level travel time spent in this place.
 D = Time resting spent in this place.
 E = Time spent auto-exploring this place.
 F = Levels seen in this place.
 G = Mean time per level.
                   A        B        C        D        E       F      G
               +--------+--------+--------+--------+--------+-----+--------+
         Total |   2270 |   2270 |      0 |      0 |   1707 |   3 |  756.7 |
       Dungeon |   2270 |   2270 |      0 |      0 |   1707 |   3 |  756.7 |
               +--------+--------+--------+--------+--------+-----+--------+

Top non-repeatable levels by time:
     D:1: 1352 daAuts
     D:2: 590 daAuts
     D:3: 327 daAuts
